Map: Blackpink LE

Players

Rye

  • Race: Protoss Protoss
  • League: Diamond
  • Spawn Location: 7:00

phattexta - Winner!

  • Race: Terran Terran
  • League: Platinum
  • Spawn Location: 1:00

VOD

Have the link to the VOD?

Description

Time

  • Played on: April 10, 2018, 6:48 a.m.
  • Length: 12:03
Show
View Real Time Build Order
Export as new Build Order

Rye Protoss 

Build Orders:  

Get SALT Encoding   

  12  0:00  Probe  
  13  0:19  Pylon  
  13  0:21  Probe (Chrono Boost)  
  14  0:32  Probe (Chrono Boost)  
  15  0:38  Gateway  
  15  0:39  Probe (Chrono Boost)  
  16  0:51  Probe  
  17  1:03  Probe (Chrono Boost)  
  18  1:05  Assimilator  
  18  1:07  Pylon  
  18  1:15  Probe (Chrono Boost)  
  19  1:21  Probe (Chrono Boost)  
  20  1:25  Cybernetics Core  
  20  1:31  Probe  
  21  1:43  Probe  
  22  1:53  Nexus  
  22  1:55  Probe  
  23  2:03  Adept  
  23  2:04  Warp Gate (Chrono Boost)  
  23  2:07  Probe  
  26  2:15  Assimilator  
  26  2:19  Pylon  
  26  2:29  Probe  
  27  2:41  Probe  
  28  2:44  Stalker  
  31  3:00  Probe (Chrono Boost)  
  31  3:06  Probe (Chrono Boost)  
  33  3:15  Robotics Facility  
  33  3:16  Probe x2 (Chrono Boost)  
  34  3:52  Twilight Council  
  34  3:53  Gateway  
  32  3:55  Gateway  
  32  3:57  Pylon  
  32  3:59  Probe x2  
  32  4:02  Immortal (Chrono Boost)  
  34  4:06  Stalker  
  40  4:11  Probe x2  
  42  4:23  Probe x2, Assimilator  
  44  4:25  Assimilator  
  44  4:26  Charge (Chrono Boost)  
  44  4:28  Pylon  
  44  4:29  Pylon, Gateway  
  44  4:35  Probe  
  45  4:39  Zealot  
  47  4:49  Zealot  
  47  4:52  Immortal (Chrono Boost)  
  49  4:53  Stalker  
  49  4:57  Probe x2  
  57  5:08  Pylon  
  57  5:09  Probe  
  57  5:12  Zealot  
  57  5:13  Zealot  
  54  5:17  Stalker  
  50  5:28  Stalker  
  33  5:36  Probe x2  
  35  5:48  Probe x2  
  37  5:51  Zealot  
  39  5:58  Zealot  
  39  6:00  Zealot, Probe x2  
  45  6:08  Zealot  
  47  6:12  Pylon  
  47  6:20  Zealot x2  
  47  6:23  Zealot  
  47  6:24  Probe  
  47  6:25  Probe  
  55  6:28  Warp Prism (Chrono Boost)  
  57  6:34  Zealot  
  59  6:43  Templar Archives  
  59  6:55  Probe x2  
  59  6:56  Zealot x4  
  65  7:20  Zealot x2  
  65  7:21  Zealot x2  
  73  7:51  Zealot x2  
  77  7:55  High Templar  
  77  7:57  Zealot x3  
  77  7:58  Probe x2  
  81  8:17  Nexus  
  81  8:19  Gateway, Pylon  
  69  8:20  Pylon  
  69  8:22  Gateway  
  69  8:25  Zealot x3  
  57  8:30  Zealot  
  55  8:49  High Templar x2  
  55  8:50  Stalker  
  38  9:04  Zealot  
  30  9:17  Zealot x2  
  33  9:25  Stalker x3  
  39  9:40  Stalker x2  
  43  9:53  Probe x2  
  45  10:04  Zealot x2  
  45  10:05  Zealot x2  
  53  10:15  Stalker  
  53  10:17  Probe x2  
  57  10:21  High Templar  
  57  10:25  High Templar  
  61  10:32  Stalker  
  63  10:39  Archon  
  63  10:42  Stalker  
  65  10:49  Forge  
  63  11:00  High Templar  
  65  11:04  Probe x2  
  67  11:15  Forge  
  67  11:16  High Templar  
  67  11:17  High Templar  
  71  11:20  Archon  
  71  11:22  Adept  
  73  11:29  Zealot x2  
  77  11:33  High Templar  
  77  11:37  Archon  
  75  11:53  Zealot x5  
Show
View Real Time Build Order
Export as new Build Order

phattexta Terran - Winner!

Build Orders: MMM Bio 

Get SALT Encoding   

  12  0:00  SCV  
  13  0:12  SCV  
  14  0:17  Supply Depot  
  14  0:25  SCV  
  15  0:39  SCV  
  15  0:41  Barracks  
  16  0:44  Refinery  
  16  0:51  SCV  
  17  1:03  SCV  
  18  1:15  SCV  
  19  1:27  Barracks Reactor  
  19  1:28  Orbital Command  
  19  1:40  Command Center  
  19  1:50  Barracks  
  19  1:54  SCV  
  20  2:01  Supply Depot  
  20  2:06  Marine  
  20  2:07  Marine  
  22  2:10  SCV  
  23  2:20  Engineering Bay  
  23  2:23  SCV  
  23  2:26  Marine  
  23  2:27  Marine  
  26  2:35  SCV  
  27  2:40  Barracks  
  27  2:41  Barracks Tech Lab  
  27  2:51  Marine x2  
  27  2:52  SCV  
  27  2:56  Orbital Command  
  30  3:02  Marine  
  30  3:03  Combat Shields  
  31  3:10  Terran Infantry Weapons Level 1  
  31  3:12  Marine  
  32  3:14  Marine  
  32  3:17  SCV  
  34  3:23  SCV  
  34  3:25  Marine  
  36  3:29  SCV  
  36  3:31  Supply Depot  
  36  3:33  Marine x3  
  39  3:43  SCV  
  39  3:44  SCV  
  39  3:45  Marine  
  42  3:53  Supply Depot  
  42  3:56  SCV x2  
  42  3:57  Marine x3  
  47  4:06  Supply Depot  
  47  4:08  SCV x2  
  49  4:19  Marine x4  
  49  4:20  SCV x2  
  55  4:28  Command Center  
  55  4:33  SCV x2  
  57  4:41  Supply Depot  
  57  4:42  Barracks Reactor  
  57  4:43  Marine x3  
  60  4:52  Barracks  
  60  4:54  SCV  
  60  4:55  SCV  
  60  4:57  Barracks  
  60  4:59  Supply Depot  
  62  5:03  Supply Depot x2  
  49  5:31  Marine x5  
  49  5:32  SCV x2  
  51  5:43  Terran Infantry Armor Level 1  
  51  5:44  SCV x2  
  51  5:45  Stimpack  
  51  5:46  Barracks Reactor x2  
  51  5:49  Marine x5  
  58  5:50  Refinery  
  58  5:51  Refinery  
  58  5:52  Refinery  
  58  5:56  SCV x2, Factory  
  60  5:57  Supply Depot  
  60  6:01  Supply Depot  
  60  6:03  Barracks  
  60  6:06  Marine  
  60  6:07  Orbital Command  
  61  6:13  SCV x2  
  63  6:21  Marine  
  63  6:22  Marine x4  
  63  6:23  Marine x2  
  63  6:24  Marine  
  63  6:25  SCV x2  
  73  6:26  Marine  
  73  6:29  Missile Turret  
  74  6:36  Missile Turret x2  
  74  6:43  SCV x3  
  77  6:51  Marine x3  
  77  6:52  Marine x4  
  84  6:55  SCV x2  
  84  6:58  Factory Reactor, Starport  
  84  6:59  SCV  
  87  7:03  Barracks Reactor  
  87  7:06  Armory, Marine x2  
  87  7:07  SCV x2  
  91  7:11  SCV  
  82  7:19  Liberator  
  82  7:21  Marine x7  
  80  7:24  Marine x2  
  80  7:28  Bunker  
  78  7:33  Bunker  
  78  7:36  Bunker  
  81  7:39  Marine x6  
  81  7:41  Marine x3  
  78  7:51  Marine  
  78  7:52  Marine  
  78  7:57  Marine x4  
  82  7:59  Bunker  
  82  8:01  Marine  
  82  8:02  Marine x3, Liberator  
  82  8:03  Marine  
  82  8:10  Engineering Bay  
  81  8:37  Orbital Command  
  81  8:44  Marine x10  
  85  8:59  SCV  
  85  9:00  SCV  
  76  9:12  SCV x2  
  76  9:17  SCV, Marine x8  
  72  9:18  Marine x3  
  72  9:24  SCV x2  
  83  9:35  Marine x4  
  87  9:41  SCV x3  
  87  9:48  Barracks  
  87  9:51  Barracks  
  87  9:53  SCV x3  
  87  9:54  Barracks  
  87  9:56  Barracks  
  90  10:01  Marine x8  
  90  10:02  Marine x2  
  90  10:04  Marine  
  90  10:05  SCV x3  
  104  10:38  Marine x11  
  115  10:56  Marine x3  
  115  11:00  Marine x10  
  115  11:01  Marine x2  
  127  11:09  Medivac x2  
  131  11:13  Supply Depot, Marine  
  131  11:14  Supply Depot, Marine  
  131  11:15  Supply Depot x2  
  131  11:16  Supply Depot x2, Barracks  
  131  11:18  Barracks  
  133  11:19  Barracks  
  133  11:34  Marine x8  
  133  11:35  Marine x7  
Tags
 
Composition
MMM Bio
Matchup
PvT
Spawn Locations
Cross Positions
Add a new tag
Caveats
  • Supply blocks, unpowered buildings, or Contaminate may cause inaccurate times.
  • Supply counts are checked every 10 seconds.